 Dungeon Crawl Stone Soup version 0.22.0-18-ge075c0d (webtiles) character file.

2468 Faca the Grappler (level 9, -7/83 HPs)
             Began as a Troll Hunter on Aug 18, 2018.
             Was a Priest of Hepliaklqana.
             Mangled by a wolf (9 damage)
             ... led by Grum
             ... on level 7 of the Dungeon.
             The game lasted 00:21:30 (4969 turns).

Faca the Grappler (Troll Hunter)                    Turns: 4969, Time: 00:21:31

Health: -7/83      AC:  5    Str: 25    XL:     9   Next: 26%
Magic:  0/8        EV: 10    Int:  7    God:    Hepliaklqana [***...]
Gold:   290        SH:  0    Dex: 10    Spells: 8/8 levels left

rFire    . . .     SeeInvis .     - Unarmed
rCold    . . .     Gourm    +   (no shield)
rNeg     . . .     Faith    .   b - +0 robe
rPois    .         Spirit   +   (helmet restricted)
rElec    .         Reflect  .   (no cloak)
rCorr    .         Harm     .   (gloves unavailable)
MR       .....                  (boots unavailable)
Stlth    ..........             D - amulet of guardian spirit
HPRegen  0.63/turn              q - ring of attention (curse)
MPRegen  0.11/turn              (no ring)

@: no status effects
A: large, unfitting armour, reduced essence, claws 3, fast metabolism 3,
gourmand, regeneration 1, shaggy fur 1, tough skin 2
a: Recall Ancestor, Ancestor Identity, Transference, Renounce Religion


You were on level 7 of the Dungeon.
You worshipped Hepliaklqana.
Hepliaklqana was most pleased with you.
You were very full.

You visited 1 branch of the dungeon, and saw 8 of its levels.
You also visited: Sewer.

You collected 330 gold pieces.
You spent 40 gold pieces at shops.

Inventory:

Hand Weapons
 x - a +0 blowgun
Missiles
 c - 5 large rocks
 d - 2 throwing nets
 t - 8 tomahawks (quivered)
 y - 30 poisoned needles
Armour
 b - a +0 robe (worn)
Jewellery
 q - a cursed ring of attention (left claw)
 z - an uncursed ring of ice
 D - an amulet of guardian spirit (around neck)
Wands
 C - a wand of digging (17)
Scrolls
 a - 2 scrolls of fog {unknown}
 h - 2 scrolls of blinking {unknown}
 i - 14 scrolls of identify
 j - 3 scrolls of fear {unknown}
 k - 4 scrolls of magic mapping {unknown}
 l - 2 scrolls of amnesia {unknown}
 m - 2 scrolls of enchant weapon {unknown}
 o - 2 scrolls of teleportation {unknown}
 r - a scroll of enchant armour {unknown}
 w - 3 scrolls of remove curse {unknown}
Potions
 e - a potion of magic {unknown}
 g - 2 potions of flight {unknown}
 n - a potion of brilliance {unknown}
 p - 2 potions of curing {unknown}
 s - 4 potions of haste {unknown}
 u - a potion of heal wounds {unknown}
 v - 3 potions of degeneration {unknown}
 A - a potion of agility {unknown}
 B - a potion of invisibility {unknown}
Comestibles
 f - 14 rations
 E - 3 chunks of flesh


   Skills:
 + Level 7.4 Fighting
 + Level 4.3 Throwing
 - Level 1.5 Dodging
 - Level 0.3 Stealth
 + Level 8.6 Unarmed Combat


You had 8 spell levels left.
You didn't know any spells.
Your spell library contained the following spells:

 Spells                   Type           Power        Failure   Level  Hunger
 Corona                   Hex            #......      43%         1    ##.....
 Flame Tongue             Conj/Fire      #....        43%         1    ##.....
 Ensorcelled Hibernation  Hex/Ice        #.....       56%         2    ###....
 Throw Flame              Conj/Fire      #.....       56%         2    ###....
 Confuse                  Hex            #.......     80%         3    ####...
 Conjure Flame            Conj/Fire      #.......     80%         3    ####...
 Dazzling Spray           Conj/Hex       #.....       80%         3    ####...
 Inner Flame              Hex/Fire       #.......     80%         3    ####...
 Tukima's Dance           Hex            #.......     80%         3    ####...
 Sticky Flame             Conj/Fire      #.......     99%         4    #####..
 Fireball                 Conj/Fire      #.........   100%        5    ######.


Dungeon Overview and Level Annotations

Branches:
Dungeon (8/15)             Temple (0/1) D:4
   Lair: D:8-11

Altars:
Ashenzari
Hepliaklqana
Nemelex Xobeh
Vehumet

Shops:
D:4 ??

Annotations:
D:8 Grum


Innate Abilities, Weirdness & Mutations

You are too large for most types of armour.
You have claws for hands.
Your metabolism is lightning-fast.
You like to eat raw meat.
Your natural rate of healing is unusually fast.
You are covered in fur. (AC +1)
You have very tough skin. (AC +2)
Your life essence is reduced to manifest your ancestor. (-10% HP)


Message History

The centaur is moderately wounded.
The wolf bites you but does no damage. The centaur hits you!
* * * LOW HITPOINT WARNING * * *
The jackal bites you but does no damage.
The wolf bites you.
* * * LOW HITPOINT WARNING * * *
You scratch the centaur but do no damage.
The centaur is moderately wounded.
The centaur hits you but does no damage.
The jackal misses you. The wolf barely misses you.
You completely miss the centaur.
The centaur is moderately wounded.
The centaur hits you.
* * * LOW HITPOINT WARNING * * *
The wolf closely misses you. The jackal closely misses you.
The centaur barely misses you.
You claw the centaur!
The centaur is severely wounded.
The wolf bites you!
You die...

#.............#
#.............#
#.............#
#....##..##..####
######.#####.[####..#.
##....#................
#......................
#....h.................
#....h@................
#....c.................
########
##.#######.....###..###
.......##
####.####.....###..##
...#....#
#....#.......)....#
...#....#
#....#............#
...'....#
#....#............#
..R#....#
#....#............#
...#....#
#....#............#


You could see a wolf, a centaur and a jackal.

Vanquished Creatures
  A hippogriff (D:8)
  Menkaure (D:6)
  Edmund (D:4)
  An orc warrior (D:6)
  3 wolves (D:8)
  An ogre (D:4)
  2 centaurs (D:6)
  2 bullfrogs (Sewer)
  2 scorpions
  4 wights (D:7)
  3 howler monkeys
  3 crimson imps
  A bullfrog zombie (D:8)
  2 hounds (D:6)
  A jelly (D:5)
  4 orc priests
  2 bullfrog skeletons
  2 iguanas
  4 worker ants
  A worker ant zombie (D:7)
  13 adders
  2 howler monkey skeletons
  2 oozes
  An adder zombie (D:6)
  2 adder skeletons (D:4)
  A worm (D:3)
  5 leopard geckos
  10 orcs
  7 bats
  11 giant cockroaches
  5 goblins
  8 hobgoblins
  9 jackals
  3 quokkas (D:4)
  3 ball pythons
  6 frilled lizards
  A jackal skeleton (D:4)
  16 kobolds
  A leopard gecko skeleton (D:5)
  A quokka skeleton (D:5)
  7 rats
155 creatures vanquished.

Vanquished Creatures (collateral kills)
  A big kobold (D:5)
  A hound (D:7)
  An orc wizard (D:5)
  A worker ant (D:5)
  An adder skeleton (D:4)
  An orc (D:5)
  A giant cockroach (Sewer)
  A quokka (D:7)
  A ball python (Sewer)
  A frilled lizard (Sewer)
10 creatures vanquished.

Vanquished Creatures (others)
  A hexer (D:8)
1 creature vanquished.

Grand Total: 166 creatures vanquished

Notes
Turn   | Place    | Note
-------+----------+-------------------------------------------
     0 | D:1      | Faca the Troll Hunter began the quest for the Orb.
     0 | D:1      | Reached XP level 1. HP: 19/19 MP: 0/0
   135 | D:1      | Reached skill level 1 in Unarmed Combat
   155 | D:1      | Reached XP level 2. HP: 28/28 MP: 1/1
   865 | D:2      | Reached XP level 3. HP: 35/35 MP: 2/2
   919 | D:2      | Reached skill level 2 in Unarmed Combat
  1019 | D:2      | Found a faded altar of an unknown god.
  1219 | D:2      | Became a worshipper of Hepliaklqana the Forgotten
  1219 | D:2      | Reached * piety under Hepliaklqana
  1220 | D:2      | You fall through a shaft for 2 floors!
  1240 | D:4      | Found Muamn's Magic Scroll Emporium.
  1298 | D:3      | Reached XP level 4. HP: 39/39 MP: 3/3
  1461 | D:2      | Reached skill level 3 in Unarmed Combat
  1502 | D:2      | Reached XP level 5. HP: 41/47 MP: 4/4
  2175 | D:4      | Noticed Edmund
  2184 | D:4      | Killed Edmund
  2184 | D:4      | Reached skill level 4 in Unarmed Combat
  2184 | D:4      | Reached XP level 6. HP: 40/55 MP: 5/5
  2222 | D:4      | Bought a scroll of identify for 28 gold pieces
  2291 | D:4      | Reached ** piety under Hepliaklqana
  2297 | D:4      | Found Utyo's Magic Scroll Shop.
  2303 | D:4      | Bought a scroll of noise for 12 gold pieces
  2334 | D:4      | Found a shattered altar of Ashenzari.
  2412 | D:4      | Found a staircase to the Ecumenical Temple.
  2778 | D:5      | Entered Level 5 of the Dungeon
  2779 | D:5      | Remembered your ancestor Sizwe as a hexer
  2867 | D:5      | Reached skill level 5 in Unarmed Combat
  2867 | D:5      | Reached XP level 7. HP: 62/63 MP: 6/6
  3252 | D:5      | Reached skill level 5 in Fighting
  3595 | D:6      | Reached skill level 6 in Unarmed Combat
  3720 | D:6      | Reached XP level 8. HP: 52/74 MP: 7/7
  3830 | D:6      | Noticed Menkaure
  3836 | D:6      | Killed Menkaure
  3849 | D:6      | Reached skill level 7 in Unarmed Combat
  3892 | D:6      | Found a glowing drain.
  3900 | Sewer    | Entered a sewer
  3970 | Sewer    | Reached *** piety under Hepliaklqana
  4381 | D:7      | Found a sparkling altar of Nemelex Xobeh.
  4454 | D:7      | Reached skill level 8 in Unarmed Combat
  4604 | D:7      | Got a twisted whip
  4605 | D:7      | Identified the +11 whip "Moshra" {antimagic, *Slow rElec Int+6} (You found it on level 7 of the Dungeon)
  4675 | D:7      | Found a radiant altar of Vehumet.
  4717 | D:7      | Reached XP level 9. HP: 79/83 MP: 6/8
  4929 | D:8      | Noticed Grum
  4968 | D:7      | HP: 2/83 [centaur (4)]
  4969 | D:7      | Mangled by a wolf

Skill      XL: |  1  2  3  4  5  6  7  8  9 |
---------------+----------------------------+-----
Unarmed Combat | 1 2 3 4 5 6 8 |  8.6
Fighting       | 2 3 4 5 7 |  7.4
Throwing       | 4 |  4.3
Dodging        | |  1.5
Stealth        | |  0.3

Action                   |  1- 3 |  4- 6 |  7- 9 || total
-------------------------+-------+-------+-------++-------
Melee: Unarmed           |   105 |   151 |   195 ||   451
       Punch             |     1 |     3 |    11 ||    15
 Fire: Blowgun           |       |       |     1 ||     1
Throw: Tomahawk          |       |       |     1 ||     1
Invok: Ancestor Identity |       |     1 |       ||     1
       Ancestor Life: He |       |     1 |       ||     1
 Stab: Distracted        |       |       |     2 ||     2
  Eat: Chunk             |    17 |    15 |    19 ||    51
Armor: Robe              |    42 |    41 |    56 ||   139
Dodge: Dodged            |    54 |    72 |   108 ||   234
